 Dungeon Crawl Stone Soup version 0.25.1-2-g60ff931df9 (webtiles) character file.

Game seed: 2788609948519102769

105 H0rd4k the Insei (level 4, -2/28 HPs)
             Began as an Octopode Transmuter on Aug 24, 2020.
             Slain by a sky beast (6 damage)
             ... on level 3 of the Dungeon.
             The game lasted 00:02:01 (2852 turns).

H0rd4k the Insei (Octopode Transmuter)              Turns: 2852, Time: 00:02:02

Health: -2/28      AC:  1    Str:  9    XL:     4   Next: 83%
Magic:  7/7        EV: 14    Int: 16    God:
Gold:   157        SH:  0    Dex: 12    Spells: 1/7 levels left

rFire    . . .     SeeInvis .     - Unarmed
rCold    . . .     Gourm    .   (no shield)
rNeg     . . .     Faith    .   (helmet restricted)
rPois    .         Spirit   .   (no amulet)
rElec    .         Reflect  .   (no ring)
rCorr    .         Harm     .   (no ring)
MR       .....                  (no ring)
Stlth    +++.......             (no ring)
HPRegen  0.09/turn              (no ring)
MPRegen  0.10/turn              (no ring)
                                (no ring)
                                (no ring)

@: appendage (expiring)
A: almost no armour, stealthy swim, amphibious, 8 rings, constrict 8, tentacle
spike 3, camouflage 1, gelatinous body 1
a: End Transformation


You were on level 3 of the Dungeon.
You were not hungry.
One of your tentacles had a temporary spike.
You visited 1 branch of the dungeon, and saw 3 of its levels.

You collected 157 gold pieces.

Inventory:

Missiles
 a - 12 arrows
Scrolls
 e - a scroll of magic mapping {unknown}
 g - a scroll of amnesia {unknown}
 h - a scroll of immolation {unknown}
 i - a scroll of remove curse {unknown}
 j - 2 scrolls of identify {unknown}
 k - a scroll of teleportation {unknown}
 n - a scroll of enchant weapon {unknown}
Potions
 b - 3 potions of curing
 d - a potion of cancellation {unknown}
 f - a potion of haste {unknown}
 m - a potion of lignification {unknown}
Comestibles
 c - 5 rations
 l - a chunk of flesh


   Skills:
 + Level 1.1 Fighting
 + Level 2.6 Dodging
 + Level 0.9 Stealth
 + Level 4.2 Unarmed Combat
 * Level 2.4 Spellcasting
 * Level 2.6 Transmutations


You had one spell level left.
You knew the following spells:

 Your Spells              Type           Power        Failure   Level  Hunger
a - Beastly Appendage     Tmut           ##....       7%          1    #......
b - Sticks to Snakes      Tmut           ##......     10%         2    ###....
c - Spider Form           Tmut/Pois      #.........   34%         3    ###....

Your spell library contained the following spells:

 Spells                   Type           Power        Failure   Level  Hunger
 Ice Form                 Ice/Tmut       #.......     75%         4    #####..
 Blade Hands              Tmut           ##........   88%         5    ######.


Dungeon Overview and Level Annotations

Branches:
Dungeon (3/15)

Altars:


Innate Abilities, Weirdness & Mutations

You cannot wear most types of armour.
You are very stealthy in the water. (Stealth+)
You are amphibious.
You can wear up to eight rings at the same time.
You can use your tentacles to constrict eight enemies at once.
Your skin changes colour to match your surroundings (Stealth+).
Your rubbery body absorbs attacks. (AC +1, EV +1)
One of your tentacles bears a large vicious spike.


Message History

You tentacle-slap the sky beast but do no damage.
Your tentacle spike misses the sky beast.
The sky beast is heavily wounded.
The sky beast barely misses you.
You tentacle-slap the sky beast. Your squeeze misses the sky beast.
The sky beast is severely wounded.
Your transformation is almost over.
The sky beast flickers out of sight!
Deactivating autopickup; reactivate with Ctrl-A.
Something hits you. Something shocks you.
You tentacle-slap something but do no damage.
You pierce something.
Your squeeze misses something. Something barely misses you.
You closely miss something.
Your tentacle spike misses something.
Something hits you. Something shocks you.
* * * LOW HITPOINT WARNING * * *
You barely miss something. Something hits you.
* * * LOW HITPOINT WARNING * * *
Something shocks you.
You die...

####.#
#. ..
#....#
#.#.###
##.###
##..#
#.#.#
#.##.#
#.# #.#
## #@#
#{# #.#
#.# #.#
#.# #.#
#.#


There were no monsters in sight!

Vanquished Creatures
  5 adders (D:2)
  A worm (D:2)
  4 dart slugs
  2 leopard geckos (D:2)
  A ball python (D:3)
  7 goblins
  4 hobgoblins
  4 jackals (D:1)
  A quokka (D:2)
  5 bats
  A frilled lizard (D:2)
  7 kobolds
  8 rats
50 creatures vanquished.

Notes
Turn   | Place    | Note
-------+----------+-------------------------------------------
     0 | D:1      | H0rd4k the Octopode Transmuter began the quest for the Orb.
     0 | D:1      | Reached XP level 1. HP: 13/13 MP: 3/3
   113 | D:1      | Reached XP level 2. HP: 11/18 MP: 5/5
  1050 | D:2      | Reached XP level 3. HP: 23/23 MP: 6/6
  1054 | D:2      | Learned a level 2 spell: Sticks to Snakes
  1058 | D:2      | Learned a level 3 spell: Spider Form
  1987 | D:2      | Reached XP level 4. HP: 18/28 MP: 5/7
  2168 | D:2      | Reached skill level 4 in Unarmed Combat
  2836 | D:3      | Noticed a sky beast
  2852 | D:3      | Slain by a sky beast

Illustrated notes

Levels and vault maps discovered:
D:1:      tarquinn_simple_flora_water_f, layout_basic, minmay_cupped
D:2:      layout_loops_ring
D:3:      layout_loops_ring, amethyst_overflow_temple_binary, uniq_jessica

Skill      XL: |  1  2  3  4 |
---------------+-------------+-----
Unarmed Combat | 4 |  4.2
Fighting       | |  1.1
Dodging        | |  2.6
Stealth        | |  0.9
Spellcasting   | |  2.4
Transmutations | |  2.6

Action                   |  1- 3 |  4- 6 || total
-------------------------+-------+-------++-------
Melee: Unarmed           |    89 |    59 ||   148
       Constrict         |    21 |    12 ||    33
       Tentacles         |    14 |     4 ||    18
       Kick              |       |     5 ||     5
 Cast: Beastly Appendage |     2 |     3 ||     5
  Use: Potion            |     1 |       ||     1
 Stab: Sleeping          |     3 |     4 ||     7
  Eat: Chunk             |     3 |     3 ||     6
Armor: Skin              |    10 |     4 ||    14
Dodge: Dodged            |    49 |    44 ||    93
